 Dungeon Crawl Stone Soup version 0.31-a0-844-gdc52ec4e09 (webtiles) character file.

Game seed: 16094574696303088698

130151 XavTav the Peltast (level 16, -2/155 HPs)
             Began as a Minotaur Fighter on Sept 30, 2023.
             Was the Champion of Okawaru.
             Killed from afar by a balrug (10 damage)
             ... with a fireball
             ... on level 1 of the Abyss.
             The game lasted 01:04:38 (23056 turns).

XavTav the Peltast (Minotaur Fighter)              Turns: 23056, Time: 01:04:39

Health: -2/155     AC: 50    Str: 28    XL:     16   Next: 52%
Magic:  1/22       EV:  7    Int:  5    God:    Okawaru [******]
Gold:   3111       SH: 12    Dex: 18    Spells: 15/15 levels left

rFire   + + .        R - +4 broad axe "Yrodwuedd" {heavy, rCorr Dex+5}
rCold   + . .        u - +3 buckler {reflect}
rNeg    . . .        q - +13 crystal plate armour of Noxious Tender Moments {rPois rF+ Str+2}
rPois   +            (helmet restricted)
rElec   .            U - scarf {rC+ rF+}
rCorr   +            Q - +2 pair of gloves of Tenacity {Will+}
SInv    .            k - +2 pair of boots {Stlth+}
Will    +++..        w - amulet of regeneration Stlth
                     C - +4 ring of protection
HPRegen 1.25/turn    P - ring of willpower
MPRegen 0.18/turn

%: reflection
@: studying 2 skills, invisible
A: horns 2, retaliatory headbutt
a: Renounce Religion, Heroism, Finesse, Duel


You were on level 1 of the Abyss.
You worshipped Okawaru.
Okawaru was exalted by your worship.
You visited 5 branches of the dungeon, and saw 26 of its levels.
You visited the Abyss 1 time.

You collected 3647 gold pieces.
You spent 536 gold pieces at shops.

Inventory:

Hand Weapons
 R - the +4 broad axe "Yrodwuedd" (weapon) {heavy, rCorr Dex+5}
   (Okawaru gifted it to you on level 4 of the Lair of Beasts)

   Dex+5:     It affects your dexterity (+5).
   rCorr:     It protects you from acid and corrosion.
Missiles
 j - 4 throwing nets
 p - 8 javelins
 B - 36 poisoned darts (quivered)
 F - 11 silver javelins
 S - 3 datura-tipped darts
Armour
 c - a +3 buckler
 e - a scarf of repulsion
 k - a +2 pair of boots of stealth (worn)
 q - the +13 crystal plate armour of Noxious Tender Moments (worn) {rPois rF+ Str+2}
   (You acquired it on level 3 of the Dungeon)

   Str+2:     It affects your strength (+2).
   rF+:       It protects you from fire.
   rPois:     It protects you from poison
 u - a +3 buckler of reflection (worn)
 O - a +2 cloak
 Q - the +2 pair of gloves of Tenacity (worn) {Will+}
   (Okawaru gifted it to you on level 4 of the Lair of Beasts)

   Will+:     It increases your willpower.
 U - a scarf of resistance (worn)
Jewellery
 a - an amulet of reflection
 o - a ring of ice
 v - a +4 ring of protection
 w - an amulet of regeneration (around neck)
 z - an amulet of faith
 C - a +4 ring of protection (left hand)
 M - a ring of poison resistance
 P - a ring of willpower (right hand)
Wands
 h - a wand of light (8)
 r - a wand of paralysis (24)
 G - a wand of digging (4)
 J - a wand of roots (7)
 K - a wand of polymorph (4)
 T - a wand of flame (8)
Scrolls
 g - 6 scrolls of revelation
 n - a scroll of poison
 t - 2 scrolls of amnesia
 y - 5 scrolls of enchant weapon
 A - 3 scrolls of brand weapon
 D - 11 scrolls of teleportation
 E - 12 scrolls of identify
 H - a scroll of immolation
 N - a scroll of fog
 X - a scroll of enchant armour
Potions
 b - a potion of cancellation {unknown}
 d - 3 potions of might
 f - 3 potions of haste
 i - 5 potions of enlightenment
 l - 2 potions of ambrosia
 m - 7 potions of curing
 s - 6 potions of brilliance
 x - a potion of berserk rage {unknown}
 I - a potion of magic {unknown}
 L - a potion of invisibility
 V - a potion of resistance {unknown}


   Skills:
 + Level 17.1 Fighting
 + Level 16.9 Axes
 + Level 18.1 Armour
 + Level 18.6 Shields
 + Level 10.6 Invocations


You had 15 spell levels left.
You didn't know any spells.
Your spell library contained the following spells:

 Spells                   Type           Power      Damage    Failure   Level
 Freeze                   Ice            0%         1d3       100%        1
 Kiss of Death            Conj/Necr      0%         2d5       100%        1
 Magic Dart               Conj           0%         1d3       100%        1
 Static Discharge         Conj/Air       0%         2-2/arc   100%        2
 Confusing Touch          Hex            0%         N/A       100%        3
 Frozen Ramparts          Ice            0%         1d1       100%        3
 Gell's Gravitas          Tloc           0%         N/A       100%        3
 Hailstorm                Conj/Ice       0%         3d3       100%        3
 Ignite Poison            Fire/Tmut/Pois 0%         N/A       100%        3
 Inner Flame              Hex/Fire       0%         N/A       100%        3
 Mephitic Cloud           Conj/Pois/Air  0%         N/A       100%        3
 Teleport Other           Tloc           0%         N/A       100%        3
 Airstrike                Air            0%         2d(0-16)  100%        4
 Cause Fear               Hex            0%         N/A       100%        4
 Dispel Undead            Necr           0%         3d6       100%        4
 Flame Wave               Conj/Fire      0%         2d4       100%        4
 Passage of Golubria      Tloc           0%         N/A       100%        4
 Sticky Flame             Conj/Fire      0%         2d3       100%        4
 Fireball                 Conj/Fire      0%         3d3       100%        5
 Yara's Violent Unravell  Hex/Tmut       0%         3d3       100%        5
 Dispersal                Tloc           0%         N/A       100%        6
 Eringya's Noxious Bog    Tmut/Pois      0%         4d6       100%        6
 Ignition                 Fire           0%         3d3       100%        8
 Summon Small Mammal      Summ           Unusable   N/A       N/A         1
 Call Imp                 Summ           Unusable   N/A       N/A         2
 Call Canine Familiar     Summ           Unusable   N/A       N/A         3
 Summon Guardian Golem    Hex/Summ       Unusable   N/A       N/A         3
 Tukima's Dance           Hex            Unusable   N/A       N/A         3
 Summon Lightning Spire   Summ/Air       Unusable   N/A       N/A         4
 Summon Forest            Summ/Tloc      Unusable   N/A       N/A         5
 Summon Hydra             Summ           Unusable   N/A       N/A         7
 Dragon's Call            Summ           Unusable   N/A       N/A         9

Dungeon Overview and Level Annotations

Branches:
Dungeon (15/15)            Temple (1/1) D:6            Lair (5/5) D:8
 Shoals (0/4) Lair:2       Spider (3/4) Lair:2        Slime (0/5) Lair:4
    Orc (2/2) D:11            Elf (0/3) Orc:2        Vaults (0/5) D:13
 Depths (0/4) D:15

Altars:
Ashenzari
Cheibriados
Dithmenos
Elyvilon
Fedhas
Gozag
Hepliaklqana
Kikubaaqudgha
Makhleb
Nemelex Xobeh
Okawaru
Qazlal
Ru
Sif Muna
Trog
Uskayaw
Vehumet
Wu Jian
Xom
Yredelemnul
Zin
The Shining One
Jiyva

Shops:
D:2 *(![*   D:8 =   D:9 *   D:12 *?(([   Orc:2 (([=(

Portals:
Bailey: D:7

Annotations:
D:12 2 transporters, Flugkiller's ghost, journeyman AtSu
D:14 3 runed translucent doors, Reehalima's ghost, journeyman DsSh
Temple 2 transporters


Innate Abilities, Weirdness & Mutations

You have a pair of horns on your head.
You reflexively headbutt those who attack you in melee.


Message History

You slash something! Okawaru accepts your kill.
Reactivating autopickup.
You feel a bit more experienced. The balrug gestures at you.
The fireball explodes!
The fireball engulfs you. You resist.
* * * LOW HITPOINT WARNING * * *
You cut the balrug into ribbons!!!
The balrug is almost dead.
The balrug hits you with a +0 demon whip!
* * * LOW HITPOINT WARNING * * *
You are engulfed in flames.
You resist.
* * * LOW HITPOINT WARNING * * *
You hit the balrug. Your headbutt misses the balrug.
The balrug is almost dead.
The balrug hits you with a +0 demon whip!
* * * LOW HITPOINT WARNING * * *
You are engulfed in flames.
You resist.
* * * LOW HITPOINT WARNING * * *
You fade further into invisibility.
You block the balrug's attack.
You feel better. The balrug gestures at you. Something smites you!
* * * LOW HITPOINT WARNING * * *
You block the balrug's attack.
Okay, then.
Okay, then.
Okay, then.
Okay, then.
Okay, then.
Aiming: Paralyse
Press: ? - help, Shift-Dir - straight line, f - balrug, p - worldbinder
Aim: a balrug, wielding a +0 demon whip (almost dead, chance to affect: 0%)
Okay, then.
You closely miss the balrug.
The balrug is almost dead.
The balrug gestures at you.
The fireball explodes!
The fireball engulfs you! You resist.
You die...

#. ~ ## ..
#~~~ .# #
≈~≈ .#. ..
~≈ #..## ~
.#... ≈~
##### ...
~~~~###X2@#
#~ ~
#..#.x###
#.#....#
#..#. .#
..##.#.. #
# . . #.#.
. .. ~..#
... .# # ..
## .. ##.
## # .X # #
#


You could see a balrug, a large abomination (wandering, unable to see you) and a
worldbinder (unable to see you).

Vanquished Creatures
  A bone dragon (Abyss:1)
  A hellephant (Arena)
  An Executioner (Abyss:1)
  Frances (D:13)
  Gastronok (Lair:1)
  A tentacled starspawn (Abyss:1)
  A ghost moth (Spider:1)
  A deep elf elementalist (Abyss:1)
  An orc warlord (Orc:2)
  A lorocyproca (Abyss:1)
  Snorg (Lair:4)
  2 ettins
  An entropy weaver (Spider:1)
  Erolcha (D:12)
  Harold (Lair:1)
  5 hydras
  An ogre mage (D:15)
  A radroach (Lair:2)
  Erica (Lair:1)
  3 centaur warriors
  5 two-headed ogres
  6 boulder beetles
  11 death yaks
  A tengu warrior (D:13)
  4 demonic crawlers
  An orc high priest (Orc:2)
  A wretched star (Abyss:1)
  An iron troll (D:13)
  A skyshark (Lair:5)
  Amaemon (D:11)
  A pharaoh ant (Spider:1)
  A skeletal warrior (D:15)
  A goliath frog (Lair:5)
  An orb spider (Spider:1)
  3 flayed ghosts (D:13)
  A lindwurm (D:13)
  Pikel (D:9)
  2 steelbarb worms
  A necromancer (D:15)
  3 wizards (D:15)
  10 ugly things
  4 orc knights
  3 orc sorcerers
  7 deep elf pyromancers
  6 wolf spiders
  9 manticores
  4 cyclopes
  5 black mambas
  3 centaur zombies (D:15)
  Maurice (Orc:2)
  8 elephants
  2 naga magi (D:15)
  A smoke demon (Abyss:1)
  2 unseen horrors
  17 cane toads
  2 torpor snails
  3 gargoyles
  Maggie (D:8)
  A cane toad (shapeshifter) (D:13)
  An orange demon (D:11)
  2 rime drakes
  8 komodo dragons
  5 kobold demonologists
  A tengu conjurer (D:13)
  2 yaktaurs (D:15)
  9 trolls
  4 meliai
  A harpy zombie (Abyss:1)
  Grinder (D:4)
  26 blink frogs
  A tyrant leech (Lair:5)
  8 tarantellas
  2 hornets
  A hydra skeleton (Abyss:1)
  A polar bear (Lair:1)
  A harpy skeleton (Abyss:1)
  A snapping turtle (Lair:2)
  4 large abominations (Abyss:1)
  18 jumping spiders
  12 slime creatures
  17 culicivoras
  A jumping spider (shapeshifter) (D:11)
  3 shadows
  A wyvern (D:8)
  A vampire (D:11)
  4 basilisks
  2 wraiths
  63 yaks
  2 steam dragons
  18 redbacks
  3 chaos spawn (Abyss:1)
  Menkaure (D:4)
  17 vampire mosquitoes
  2 wargs (Orc:2)
  2 acid dragons
  10 water moccasins
  3 sky beasts (D:6)
  27 orc warriors
  5 black bears (D:8)
  9 ogres
  17 wolves
  3 centaurs
  3 lemures (D:9)
  A phantom (D:6)
  4 kobold brigands
  2 small abominations (Abyss:1)
  22 bullfrogs
  3 gnoll sergeants
  2 scorpions
  5 wights (D:8)
  9 killer bees
  5 electric eels
  3 howler monkeys
  2 quasits (Abyss:1)
  An iron imp (Abyss:1)
  3 hounds
  6 jellies (Lair:4)
  23 orc priests
  16 starcursed masses (Abyss:1)
  A gnoll bouda (D:10)
  Terence (D:3)
  7 iguanas
  20 orc wizards
  Robin (D:2)
  14 gnolls
  10 adders
  A shadow imp (D:7)
  5 white imps
  2 ufetubi
  2 worms
  2 dart slugs
  90 orcs
  3 ball pythons
  2 bats
  20 endoplasms
  2 giant cockroaches
  20 goblins
  8 hobgoblins
  10 jackals
  5 quokkas
  3 frilled lizards
  23 kobolds
  5 rats
  A butterfly (D:4)
  A starspawn tentacle (Abyss:1)
852 creatures vanquished.

Vanquished Creatures (others)
  An orc wizard (Orc:2)
  An orc (Orc:2)
  A kobold (D:13)
  6 starspawn tentacles (Abyss:1)
9 creatures vanquished.

Grand Total: 861 creatures vanquished

Notes
Turn   | Place    | Note
-------+----------+-------------------------------------------
     0 | D:1      | XavTav the Minotaur Fighter began the quest for the Orb.
     0 | D:1      | Reached XP level 1. HP: 19/19 MP: 0/0
   146 | D:1      | Reached XP level 2. HP: 27/27 MP: 1/1
   379 | D:1      | Found a faded altar of an unknown god.
   730 | D:2      | Found Cygisun's Distillery.
   792 | D:2      | Noticed Robin
   794 | D:2      | Reached XP level 3. HP: 33/33 MP: 2/2
   817 | D:2      | Killed Robin
   824 | D:2      | Found Laroiquq's Assorted Antiques.
   940 | D:2      | Found Fuffanaff's Antique Armour Shop.
   993 | D:2      | Reached XP level 4. HP: 40/40 MP: 3/3
  1052 | D:2      | Found Jineurink's General Store.
  1378 | D:2      | Found Wyedikk's Weapon Shoppe.
  1719 | D:3      | Noticed Terence
  1726 | D:3      | Killed Terence
  1980 | D:3      | Reached XP level 5. HP: 47/47 MP: 4/4
  1999 | D:3      | Identified a scroll of acquirement
  1999 | D:3      | Acquired the +13 crystal plate armour of Noxious Tender
                  | Moments {rPois rF+ Str+2}
  2232 | D:4      | Reached skill level 5 in Armour
  2335 | D:4      | Noticed Grinder
  2360 | D:4      | Paralysed by Grinder for 3 turns
  2370 | D:4      | Killed Grinder
  2371 | D:4      | Reached skill level 5 in Fighting
  2371 | D:4      | Reached skill level 5 in Shields
  2371 | D:4      | Reached XP level 6. HP: 38/56 MP: 5/5
  2639 | D:4      | Noticed Menkaure
  2647 | D:4      | Killed Menkaure
  2648 | D:4      | Reached XP level 7. HP: 42/61 MP: 6/6
  2933 | D:5      | Entered Level 5 of the Dungeon
  3197 | D:5      | Reached skill level 5 in Axes
  3316 | D:5      | Found a hide-covered altar of Uskayaw.
  3346 | D:5      | Noticed a yak
  3346 | D:5      | Noticed a yak
  3346 | D:5      | Noticed a yak
  3346 | D:5      | Noticed a yak
  3348 | D:5      | Noticed a yak
  3351 | D:5      | Noticed a yak
  3361 | D:5      | Killed a yak
  3363 | D:5      | Killed a yak
  3366 | D:5      | Killed a yak
  3367 | D:5      | Reached XP level 8. HP: 41/71 MP: 7/7
  4081 | D:6      | Reached XP level 9. HP: 72/79 MP: 8/8
  4111 | D:6      | Found a staircase to the Ecumenical Temple.
  4142 | Temple   | Found a transporter.
  4142 | Temple   | Found a transporter.
  4142 | Temple   | Found a transporter.
  4142 | Temple   | Found a transporter.
  4142 | Temple   | Entered the Ecumenical Temple
  4167 | Temple   | Became a worshipper of Warmaster Okawaru
  4453 | D:6      | Reached skill level 10 in Armour
  5080 | D:7      | Found a stormy altar of Qazlal.
  5147 | D:7      | Found a blossoming altar of Fedhas.
  5188 | D:7      | Found a flagged portal.
  5220 | D:7      | Reached * piety under Okawaru
  5264 | D:7      | Found a faded altar of an unknown god.
  5264 | D:7      | Found an ancient bone altar of Kikubaaqudgha.
  5272 | D:7      | Found a white marble altar of Elyvilon.
  5274 | D:7      | Found a shimmering blue altar of Sif Muna.
  5276 | D:7      | Found a faded altar of an unknown god.
  5576 | D:8      | Found a staircase to the Lair.
  5589 | D:8      | Reached ** piety under Okawaru
  5590 | D:8      | Reached XP level 10. HP: 48/90 MP: 9/9
  5892 | D:8      | Found Lakikhom's Jewellery Emporium.
  5910 | D:8      | Noticed Maggie
  5916 | D:8      | Killed Maggie
  6342 | Lair:1   | Entered Level 1 of the Lair of Beasts
  6345 | Lair:1   | Noticed Harold
  6358 | Lair:1   | Noticed a black mamba
  6365 | Lair:1   | Killed Harold
  6365 | Lair:1   | Killed a black mamba
  6365 | Lair:1   | Reached *** piety under Okawaru
  6366 | Lair:1   | Reached skill level 10 in Shields
  6368 | Lair:1   | Reached skill level 10 in Fighting
  6535 | Lair:1   | Noticed Erica
  6537 | Lair:1   | Noticed a six-headed hydra
  6539 | Lair:1   | Noticed a cane toad
  6548 | Lair:1   | Killed Erica
  6550 | Lair:1   | Killed a one-headed hydra
  6550 | Lair:1   | Reached **** piety under Okawaru
  6551 | Lair:1   | Reached skill level 10 in Axes
  6551 | Lair:1   | Reached XP level 11. HP: 77/101 MP: 10/10
  6735 | Lair:1   | Reached ***** piety under Okawaru
  6904 | Lair:1   | Noticed Gastronok
  6927 | Lair:1   | Killed Gastronok
  7188 | Lair:1   | Received a gift from Okawaru
  7480 | Lair:2   | Acquired 744 gold pieces
  7868 | Lair:2   | Received a gift from Okawaru
  7971 | Lair:2   | Found a hole to the Spider Nest.
  8117 | Lair:2   | Reached XP level 12. HP: 104/112 MP: 11/11
  8311 | Lair:2   | Found a staircase to the Shoals.
  8750 | Lair:3   | Received a gift from Okawaru
  9036 | Lair:3   | Reached skill level 1 in Invocations
  9586 | Lair:4   | Noticed a four-headed hydra
  9599 | Lair:4   | Killed a one-headed hydra
  9655 | Lair:4   | Noticed a death yak
  9655 | Lair:4   | Noticed a death yak
  9655 | Lair:4   | Noticed a death yak
  9656 | Lair:4   | Noticed a death yak
  9660 | Lair:4   | Noticed a death yak
  9677 | Lair:4   | Killed a death yak
  9681 | Lair:4   | Killed a death yak
  9687 | Lair:4   | Killed a death yak
  9689 | Lair:4   | Killed a death yak
  9693 | Lair:4   | Killed a death yak
  9693 | Lair:4   | Reached ****** piety under Okawaru
  9880 | Lair:4   | Acquired the +2 pair of gloves of Tenacity {Will+}
  9880 | Lair:4   | Received a gift from Okawaru
  9897 | Lair:4   | Acquired the +4 broad axe "Yrodwuedd" {heavy, rCorr Dex+5}
  9897 | Lair:4   | Received a gift from Okawaru
  9924 | Lair:4   | Noticed Snorg
  9933 | Lair:4   | Killed Snorg
  9933 | Lair:4   | Received a gift from Okawaru
 10156 | Lair:4   | Reached XP level 13. HP: 116/122 MP: 14/14
 10276 | Lair:4   | Found a viscous altar of Jiyva.
 10277 | Lair:4   | Found a staircase to the Slime Pits.
 10854 | Lair:5   | Entered Level 5 of the Lair of Beasts
 10878 | Lair:5   | Received a gift from Okawaru
 11237 | Lair:5   | Reached skill level 5 in Invocations
 11240 | Lair:5   | Received a gift from Okawaru
 11552 | Lair:5   | Reached skill level 15 in Armour
 11863 | Lair:5   | Identified the ring of Wesuzimo {*Slow rN++ MP+9 Dex+2}
 11927 | Lair:5   | Found an ornate altar of the Wu Jian Council.
 11927 | Lair:5   | Found a hide-covered altar of Uskayaw.
 12188 | Lair:5   | Received a gift from Okawaru
 12772 | D:9      | Noticed Pikel
 12776 | D:9      | Killed Pikel
 13200 | D:9      | Reached XP level 14. HP: 130/132 MP: 17/17
 13370 | D:9      | Found an opulent altar of Gozag.
 13374 | D:9      | Found Gozag's Platinum Reserve.
 13547 | D:10     | Entered Level 10 of the Dungeon
 14253 | D:11     | Received a gift from Okawaru
 14353 | D:11     | Found a staircase to the Orcish Mines.
 14811 | D:11     | Noticed Amaemon
 14817 | D:11     | Killed Amaemon
 15123 | D:12     | Found a transporter.
 15132 | D:12     | Found Tikuin's Assorted Antiques.
 15140 | D:12     | Noticed Flugkiller's ghost (journeyman AtSu)
 15143 | D:12     | Found a transporter.
 15173 | D:12     | Noticed Erolcha
 15211 | D:12     | Killed Erolcha
 15217 | D:12     | Found Gevisats's Weapon Emporium.
 15404 | D:12     | Found Pejaetusm's Magic Scroll Shoppe.
 15426 | D:12     | Bought a scroll of teleportation for 51 gold pieces
 15426 | D:12     | Bought a scroll of teleportation for 51 gold pieces
 15426 | D:12     | Bought a scroll of teleportation for 51 gold pieces
 15426 | D:12     | Bought a scroll of enchant armour for 127 gold pieces
 15483 | D:12     | Found Puwoelaf's Antique Armour Shop.
 15487 | D:12     | Bought an embroidered scarf for 256 gold pieces
 15526 | D:12     | Found Olaop's Weapon Shop.
 15784 | D:13     | Reached skill level 15 in Shields
 15798 | D:13     | Noticed Frances
 15810 | D:13     | Killed Frances
 15811 | D:13     | Reached skill level 15 in Fighting
 15936 | D:13     | Received a gift from Okawaru
 16087 | D:13     | Identified the +0 chain mail of the Equator {Str+4}
 16104 | D:13     | Reached skill level 15 in Axes
 16441 | D:13     | Found a runed translucent door.
 16488 | Arena    | Entered the Arena
 16517 | D:13     | Received a gift from Okawaru
 17009 | D:13     | Found a gate to the Vaults.
 17464 | D:14     | Found a radiant altar of Vehumet.
 17567 | D:14     | Reached XP level 15. HP: 141/141 MP: 20/20
 17576 | D:14     | Found a runed translucent gate.
 17576 | D:14     | Found a runed translucent gate.
 17576 | D:14     | Found a runed translucent gate.
 17584 | D:14     | Noticed Reehalima's ghost (journeyman DsSh)
 18059 | D:15     | Entered Level 15 of the Dungeon
 18379 | D:15     | Received a gift from Okawaru
 18605 | D:15     | Identified the +0 ring mail of the Lost Path {Int+2}
 18764 | D:15     | Found a staircase to the Depths.
 19018 | Orc:1    | Entered Level 1 of the Orcish Mines
 19491 | Orc:2    | Entered Level 2 of the Orcish Mines
 19637 | Orc:2    | Received a gift from Okawaru
 19803 | Orc:2    | Found Noic's Jewellery Shop.
 19821 | Orc:2    | Noticed Maurice
 19829 | Orc:2    | Killed Maurice
 19889 | Orc:2    | Found Wiaboq's Antique Armour Shoppe.
 19893 | Orc:2    | Found Eqiokum's Antique Weapon Emporium.
 19944 | Orc:2    | Found Esups's Antique Weapon Boutique.
 19946 | Orc:2    | Found a staircase to the Elven Halls.
 20274 | Orc:2    | Found Tiseutiudgh's Antique Weapon Boutique.
 20572 | Spider:1 | Entered Level 1 of the Spider Nest
 20621 | Spider:1 | Received a gift from Okawaru
 20700 | Spider:1 | HP: 4/145 [electric eel/bolt of electricity (6)]
 21311 | Spider:1 | Reached XP level 16. HP: 79/152 MP: 22/22
 21350 | Spider:1 | Received a gift from Okawaru
 21608 | Spider:1 | Reached skill level 10 in Invocations
 22330 | Spider:2 | You fall into a shaft and drop 1 floor!
 22581 | Abyss:1  | Cast into level 1 of the Abyss (meliai)
 22642 | Abyss:1  | Noticed a tentacled starspawn
 22692 | Abyss:1  | Noticed an Executioner
 22705 | Abyss:1  | Killed an Executioner
 22777 | Abyss:1  | Noticed a hellephant
 22792 | Arena    | Entered the Arena
 22802 | Arena    | Killed a hellephant
 22816 | Abyss:1  | Found a corrupted altar of Lugonu.
 22921 | Abyss:1  | Found a corrupted altar of Lugonu.
 22923 | Abyss:1  | Noticed a bone dragon
 22935 | Abyss:1  | Killed a bone dragon
 22951 | Abyss:1  | Received a gift from Okawaru
 22969 | Abyss:1  | Noticed a tentacled starspawn
 22990 | Abyss:1  | Killed a tentacled starspawn
 23055 | Abyss:1  | HP: 7/155 [balrug/divine providence (12)]
 23056 | Abyss:1  | Killed from afar by a balrug

Illustrated notes

Levels and vault maps discovered:
D:1:      evilmike_arrival_plus, layout_loops_cross,
          ebering_ecumenical_altar_abandoned
D:2:      layout_basic, serial_shops, shop, nicolae_shop_real_fake_doors,
          nicolae_square_shop, nicolae_shop_pleasant_corner_grove, shop,
          uniq_robin
D:3:      layout_basic, hangedman_decor_clover_reticule, skrybe_limestone_x,
          minmay_strange_pillars, uniq_terence
D:4:      layout_cave_pools, hangedman_glass_garden, eino_tiny_chamber,
          hex_large, uniq_menkaure, uniq_grinder
D:5:      layout_gridville, mainiacjoe_overflow_alcove_2
D:6:      layout_gridville, minmay_temple_entry_glass, reono_crystal_passage
D:7:      layout_gridville, mainiacjoe_overflow_chevrons,
          mainiacjoe_overflow_surrounded_room,
          chequers_temple_overflow_minitemple, enter_bailey_5
D:8:      layout_cave_pools, due_lair_maze_entry_diamond, serial_shops,
          nicolae_shop_window_shopping, uniq_maggie
D:9:      layout_stronghold, nicolae_gozag_zags_fifth_avenue, uniq_pikel
D:10:     layout_rooms
D:11:     minmay_inside_and_out, layout_loops_ring, orc_0_dummy,
          grunt_decor_arrowhead, minmay_alternating_orb, uniq_amaemon
D:12:     layout_big_octagon, serial_shops, shop,
          nicolae_shop_pleasant_corner_grove, nicolae_take_the_stairs, shop,
          nicolae_shop_just_a_little_nook, nzn_ghost_randoct, uniq_erolcha
D:13:     layout_layer_cave, david_vaults_4, minivault_13, uniq_frances
D:14:     layout_rooms, basic_altar, gammafunk_ghost_spectres,
          serial_corexii_hall, corexii_hall_statues_t, corexii_hall_statues_x
D:15:     grunt_enter_depths_magical_seal, layout_loops_ring,
          minmay_fractal_squares_5
Temple:   hellmonk_temple_divided_pantheon
Lair:1:   layout_chaotic_city, uniq_erica, uniq_harold, uniq_gastronok
Lair:2:   layout_big_grid, minmay_shoals_entry_hut,
          hellmonk_spider_entry_not_the_bees, serial_bayou_pond_c, st_stairs_4
Lair:3:   wander_river, layout_regular_city
Lair:4:   lemuel_slime, layout_regular_city, dpeg_slime_entry_corner,
          minmay_lindwurm_lava, serial_bayou_shore_b, infiniplex_staircase_pool,
          uniq_snorg
Lair:5:   minmay_lair_end_frog_pond, layout_cave_pods,
          chequers_serial_rivers_micro_a, nzn_masters_of_martial_movement
Spider:1: layout_spider_delve
Spider:2: layout_spider_delve
Spider:3: cheibrodos_spider_silkery, hellmonk_ghost_happy_afterlife, drop_trap
Orc:1:    layout_caves
Orc:2:    grunt_orc_community_town_hall, layout_diamond_mine,
          grunt_orc_community_big_house_2, grunt_orc_community_big_house_2,
          grunt_orc_community_house_1, grunt_orc_community_house_2,
          grunt_orc_community_house_2, grunt_orc_community_house_1,
          grunt_orc_community_house_1, grunt_orc_community_house_1,
          serial_shops, shop, uniq_maurice
Abyss:1:  base: Spider:3, hangedman_cross_veins, base:
D:6

Skill      XL: |  1  2  3  4  5  6  7  8  9 10 11 12 13 14 15 16 |
---------------+-------------------------------------------------+-----
Shields        | 4 5 6 7 8 10 12 13 14 15 17 18 | 18.6
Fighting       | 4 5 6 7 8 10 11 13 14 15 16 17 | 17.1
Armour         | 4 5 6 7 9 10 12 13 14 15 16 17 18 | 18.1
Axes           | 3 4 5 6 8 10 11 12 14 15 16 | 16.9
Invocations    | 3 6 8 9 10 | 10.6

Action                     |  1- 3 |  4- 6 |  7- 9 | 10-12 | 13-15 | 16-18 || total
---------------------------+-------+-------+-------+-------+-------+-------++-------
  Melee: War axe           |    81 |   104 |   234 |   442 |       |       ||   861
         Headbutt          |    11 |    17 |    42 |   108 |   186 |    53 ||   417
         Broad axe         |       |       |       |    33 |   848 |   221 ||  1102
  Throw: Dart              |       |       |       |       |    14 |     1 ||    15
 Invoke: Receive Weapon    |       |       |       |     1 |       |       ||     1
         Receive Armour    |       |       |       |     1 |       |       ||     1
         Duel              |       |       |       |       |     1 |     1 ||     2
    Use: Scroll            |     2 |     6 |    16 |     4 |     8 |     1 ||    37
         Potion            |       |     1 |       |     1 |       |     3 ||     5
 Armour: Scale mail        |    75 |    33 |       |       |       |       ||   108
         Crystal plate arm |       |    71 |   321 |   518 |  1313 |   468 ||  2691
  Dodge: Dodged            |    60 |    33 |    60 |   131 |   332 |    93 ||   709
         Repelled          |       |       |       |       |     3 |       ||     3
  Block: Buckler           |    26 |    27 |   104 |   229 |   758 |   257 ||  1401
         Reflection        |       |       |       |       |    16 |     1 ||    17

Table legend: (Time is in decaauts)
 A = Elapsed time spent in this place.
 B = Non-inter-level travel time spent in this place.
 C = Inter-level travel time spent in this place.
 D = Time resting spent in this place.
 E = Time spent auto-exploring this place.
 F = Levels seen in this place.
 G = Mean time per level.
                   A        B        C        D        E       F      G
               +--------+--------+--------+--------+--------+-----+--------+
         Total |  23539 |  23173 |    366 |   1380 |  14347 |  30 |  784.6 |
       Dungeon |  12903 |  12669 |    234 |    291 |   8481 |  15 |  860.2 |
        Temple |     48 |     48 |      0 |      0 |      0 |   1 |   48.0 |
          Lair |   6857 |   6731 |    126 |    899 |   3856 |   5 | 1371.4 |
   Spider Nest |   1769 |   1769 |      0 |    109 |    977 |   3 |  589.7 |
  Orcish Mines |   1442 |   1437 |      5 |      0 |   1032 |   2 |  721.0 |
         Abyss |    469 |    469 |      0 |     68 |      0 |   2 |  234.5 |
         Arena |     47 |     47 |      0 |     13 |      0 |   2 |   23.5 |
               +--------+--------+--------+--------+--------+-----+--------+

Top non-repeatable levels by time:
  Lair:5: 1938 daAuts
    D:13: 1745 daAuts
  Lair:4: 1450 daAuts
  Lair:2: 1379 daAuts
Spider:1: 1328 daAuts
  Lair:1: 1176 daAuts
    D:11: 1064 daAuts
     D:5: 968 daAuts
   Orc:2: 958 daAuts
  Lair:3: 912 daAuts
     D:6: 892 daAuts
     D:8: 886 daAuts
    D:15: 879 daAuts
     D:9: 827 daAuts
     D:4: 781 daAuts
